 Dungeon Crawl Stone Soup version 0.29.1-1-gd02db6906a (webtiles) character file.

Game seed: 2179200349002173653

292 gelatine the Chopper (level 6, 0/47 HPs)
             Began as a Demonspawn Gladiator on Sept 29, 2022.
             Killed by divine providence
             ... invoked by an orc priest
              (14 damage)
             ... on level 3 of the Dungeon.
             The game lasted 00:05:29 (1877 turns).

gelatine the Chopper (Demonspawn Gladiator)         Turns: 1877, Time: 00:05:31

Health: 0/47       AC: 12    Str: 16    XL:     6   Next: 10%
Magic:  6/6        EV:  5    Int: 10    God:
Gold:   147        SH:  4    Dex: 14    Spells: 5/5 levels left

rFire   + . .      SeeInvis .   p - +1 mace (venom)
rCold   . . .      Faith    .   l - +0 buckler
rNeg    + . .      Spirit   .   s - +0 plate armour
rPois   .          Reflect  .   (helmet restricted)
rElec   .          Harm     .   (no cloak)
rCorr   .          Rampage  .   (no gloves)
Will    .....                   (no boots)
Stlth   ..........              k - amulet of regeneration
HPRegen 0.95/turn               q - ring of positive energy
MPRegen 0.10/turn               r - ring of protection from fire

@: no status effects
A: horns 1, thin metallic scales 1, demonic guardian 2
a: no special abilities


You were on level 3 of the Dungeon.
You visited 1 branch of the dungeon, and saw 3 of its levels.

You collected 147 gold pieces.

Inventory:

Hand Weapons
 a - a +0 war axe
 p - a +1 mace of venom (weapon)
Missiles
 d - 2 throwing nets (quivered)
 e - a javelin
Armour
 b - a +0 leather armour
 c - a +0 helmet
 h - a +0 ring mail
 j - a +0 scale mail
 l - a +0 buckler (worn)
 s - a +0 plate armour (worn)
Jewellery
 k - an amulet of regeneration (around neck)
 q - a ring of positive energy (left hand)
 r - a ring of protection from fire (right hand)
Scrolls
 f - a scroll of magic mapping {unknown}
 g - 2 scrolls of enchant armour {unknown}
 i - 2 scrolls of poison {unknown}
 o - a scroll of fear {unknown}
 t - a scroll of blinking {unknown}
 y - a scroll of noise {unknown}
 z - a scroll of identify {unknown}
 A - a scroll of amnesia {unknown}
Potions
 m - a potion of haste {unknown}
 n - a potion of curing
 u - 3 potions of resistance {unknown}
 v - a potion of brilliance {unknown}
 w - 2 potions of magic {unknown}
 x - a potion of lignification {unknown}


   Skills:
 * Level 3.0 Fighting
 + Level 4.1(4.2) Axes
 + Level 1.2(2.8) Maces & Flails
 + Level 2.0 Throwing
 * Level 1.6 Armour
 * Level 3.4 Dodging
 * Level 1.4 Stealth
 * Level 1.2 Shields


You had 5 spell levels left.
You didn't know any spells.
Your spell library contained the following spells:

 Spells                   Type           Power      Damage    Failure   Level
 Tukima's Dance           Hex            0%         N/A       100%        3
 Passage of Golubria      Tloc           0%         N/A       100%        4
 Yara's Violent Unravell  Hex/Tmut       0%         3d3       100%        5


Dungeon Overview and Level Annotations

Branches:
Dungeon (3/15)

Altars:
Kikubaaqudgha


Innate Abilities, Weirdness & Mutations

You have a pair of small horns on your head.
You are partially covered in thin metallic scales. (AC +2)
A demonic guardian rushes to your aid.


Message History

The orc priest calls down the wrath of Beogh upon you.
You are unaffected.
You closely miss the orc priest.
The orc priest hits you but does no damage.
You hit the orc priest.
The orc priest is poisoned.
Your headbutt misses the orc priest.
The orc priest is moderately wounded.
The orc priest barely misses you.
The orc priest casts a cantrip, but nothing happens.
You block the orc's attack. You block the orc priest's attack.
You hit the orc priest.
The orc priest looks as sick as possible!
The orc priest is severely wounded.
The orc hits you with a +0 flail.
The orc priest looks satisfied for a moment.
The orc hits you with a +0 dagger. You block the orc's attack.
You hit the orc priest but do no damage.
The orc priest looks as sick as possible!
You headbutt the orc priest.
You kill the orc priest!
The orc barely misses you. The orc hits you but does no damage.
The orc hits you with a +0 dagger.
You have reached level 6!
You hit the orc priest.
The orc priest is poisoned.
The orc priest is lightly wounded.
The orc hits you but does no damage. x2; You block the orc priest's attack.
The orc hits you but does no damage.
You barely miss the orc priest.
The orc priest is lightly wounded.
The orc hits you with a +0 flail. The orc hits you but does no damage. x2
The orc priest casts a cantrip, but nothing happens.
The orc hits you but does no damage. x2; The orc barely misses you.
The orc priest hits you but does no damage.
You sock the orc priest! Your headbutt misses the orc priest.
The orc priest is heavily wounded.
The orc barely misses you. The orc hits you with a +0 hand axe.
* * * LOW HITPOINT WARNING * * *
The orc priest invokes the aid of Beogh against you.
Beogh smites you!
You die...

#.##.....#####.....##.
#.##..................
#...............##....
#...............##....
#...#.###.............
#.###.# #.......##....
# #.# #.......##.###
#.########+###....
#@o...............
#.ooo..#####.....<#+
#......# ########...
.....................
#........##...........
#........# ...........
#........# .^.........
#.....#### ........###
####....#


You could see an orc priest (poisoned) and 3 orcs.

Vanquished Creatures
  Sigmund (D:2)
  An orc priest (D:3)
  Natasha (D:2)
  An adder (D:3)
  2 worms
  3 dart slugs
  6 ball pythons
  5 endoplasms
  A giant cockroach (D:1)
  A goblin (D:2)
  5 hobgoblins
  5 kobolds
  2 quokkas (D:2)
  2 bats
  7 frilled lizards
  4 rats
47 creatures vanquished.

Notes
Turn   | Place    | Note
-------+----------+-------------------------------------------
     0 | D:1      | gelatine the Demonspawn Gladiator began the quest for the
                  | Orb.
     0 | D:1      | Reached XP level 1. HP: 16/16 MP: 1/1
   135 | D:1      | Found a faded altar of an unknown god.
   223 | D:1      | Gained mutation: You have a pair of small horns on your
                  | head. [demonic ancestry]
   223 | D:1      | Reached XP level 2. HP: 19/22 MP: 2/2
   418 | D:1      | Reached skill level 3 in Axes
   671 | D:2      | Found an ancient bone altar of Kikubaaqudgha.
   892 | D:2      | Noticed Sigmund
   906 | D:2      | Killed Sigmund
   907 | D:2      | Reached skill level 1 in Armour
   907 | D:2      | Reached skill level 1 in Stealth
   907 | D:2      | Reached skill level 1 in Shields
   907 | D:2      | Gained mutation: A weak demonic guardian rushes to your
                  | aid. [demonic ancestry]
   907 | D:2      | Reached XP level 3. HP: 28/28 MP: 3/3
   907 | D:2      | Gained mutation: A demonic guardian rushes to your aid.
                  | [demonic ancestry]
   907 | D:2      | Reached XP level 4. HP: 34/34 MP: 4/4
   907 | D:2      | Gained mutation: You are partially covered in thin metallic
                  | scales. (AC +2) [demonic ancestry]
   907 | D:2      | Reached XP level 5. HP: 40/40 MP: 5/5
  1259 | D:2      | Noticed Natasha
  1266 | D:2      | Killed Natasha
  1267 | D:2      | Reached skill level 4 in Axes
  1715 | D:3      | Reached skill level 1 in Maces & Flails
  1875 | D:3      | Reached XP level 6. HP: 21/47 MP: 6/6
  1877 | D:3      | Killed from afar by an orc priest

Illustrated notes

Levels and vault maps discovered:
D:1:      lemuel_arrival_cross, layout_basic, basic_ecumenical_altar,
          dreamdust_princess_bridge
D:2:      layout_basic, basic_altar, uniq_natasha, uniq_sigmund
D:3:      layout_basic

Skill      XL: |  1  2  3  4  5 |
---------------+----------------+-----
Axes           | 3 4 |  4.1
Throwing       | 2 |  2.0
Armour         | 1 |  1.6
Dodging        | 3 |  3.4
Stealth        | 1 |  1.4
Shields        | 1 |  1.2
Fighting       | 3 |  3.0
Maces & Flails | 1 |  1.2

Action                   |  1- 3 |  4- 6 || total
-------------------------+-------+-------++-------
Melee: War axe           |    40 |       ||    40
       Mace              |    24 |    56 ||    80
       Headbutt          |     7 |    11 ||    18
Throw: Throwing net      |     3 |       ||     3
  Use: Potion            |     1 |       ||     1
Armor: Ring mail         |    13 |       ||    13
       Scale mail        |    17 |     8 ||    25
       Plate armour      |       |    20 ||    20
Dodge: Dodged            |    33 |    20 ||    53
Block: Buckler           |    10 |    11 ||    21
